[Event "ICC tourney 2074 (75 10)"]
[Site "Internet Chess Club"]
[Date "2020.10.24"]
[Round "3"]
[White "kushagra12"]
[Black "RatislavK"]
[Result "0-1"]
[ICCResult "White checkmated"]
[WhiteElo "1050"]
[BlackElo "1200"]
[Opening "Sicilian: Pelikan, Chelyabinsk variation"]
[ECO "B33"]
[NIC "SI.37"]
[Time "18:01:30"]
[PlyCount "98"]
[TimeControl "4500+10"]

1. e4 c5 2. Nf3 Nc6 3. d4 cxd4 4. Nxd4 Nf6 5. Nc3 e5 6. Ndb5 d6 7. Bg5 a6
8. Na3 b5 9. Nd5 Be7 10. Nxf6+ Bxf6 11. Bxf6 Qxf6 12. Qd5 Bb7 13. O-O-O Rd8
14. Be2 Qxf2 15. Rhf1 Qe3+ 16. Kb1 O-O 17. Bh5 Rd7 18. Bg4 Nd4 19. Bxd7
Bxd5 20. exd5 g6 21. c3 Qe4+ 22. Ka1 Nc2+ 23. Nxc2 Qxc2 24. Bh3 Rb8 25. Rc1
Qe4 26. Rcd1 b4 27. Rfe1 Qc4 28. cxb4 Qxb4 29. b3 a5 30. Re3 a4 31. g3 Qa3
32. Rb1 axb3 33. Rb2 Qc5 34. Rexb3 Rxb3 35. axb3 Qxd5 36. Bg2 Qd4 37. Kb1
Qb4 38. Kc2 e4 39. Rb1 e3 40. Rd1 e2 41. Rb1 e1=Q 42. Rxe1 Qxe1 43. Bf1
Qxf1 44. b4 Qc4+ 45. Kd1 d5 46. g4 d4 47. h4 d3 48. g5 Qc2+ 49. Ke1 Qe2# {
White checkmated } 0-1

[Event "ICC tourney 2074 (75 10)"]
[Site "Internet Chess Club"]
[Date "2020.10.24"]
[Round "3"]
[White "oxdidi"]
[Black "MYMChessWyatt"]
[Result "1-0"]
[ICCResult "Black checkmated"]
[WhiteElo "1108"]
[BlackElo "1210"]
[Opening "Sicilian"]
[ECO "B50"]
[NIC "SI.01"]
[Time "18:01:34"]
[PlyCount "87"]
[TimeControl "4500+10"]

1. e4 c5 2. Nf3 d6 3. Bc4 e6 4. O-O a6 5. a4 Nf6 6. Re1 Be7 7. Nc3 O-O 8.
d3 Nc6 9. Bg5 h6 10. Bh4 Nd7 11. Bxe7 Qxe7 12. Qd2 Nde5 13. Nxe5 Nxe5 14.
Ba2 Qf6 15. Qe3 Ng4 16. Qg3 h5 17. h3 Ne5 18. Ne2 Ng6 19. Qxd6 h4 20. Qxc5
Ne5 21. d4 Ng6 22. e5 Qg5 23. Qc3 b6 24. Qf3 Rb8 25. Qg4 Qh6 26. Rad1 Bb7
27. Nc3 Nf4 28. d5 f5 29. Qf3 g5 30. Qe3 g4 31. hxg4 fxg4 32. dxe6 Rf5 33.
e7+ Kg7 34. Rd8 Qc6 35. Nd5 h3 36. e8=Q h2+ 37. Kh1 Rxd8 38. Qxd8 Nh3 39.
Qe7+ Kg6 40. gxh3 Qxa4 41. Qxb7 gxh3 42. Ne7+ Kh5 43. Nxf5 Kg4 44. Qbf3# {
Black checkmated } 1-0

[Event "ICC tourney 2074 (75 10)"]
[Site "Internet Chess Club"]
[Date "2020.10.24"]
[Round "3"]
[White "ayanloveschess"]
[Black "Jmarley538"]
[Result "1-0"]
[ICCResult "Black checkmated"]
[WhiteElo "886"]
[BlackElo "1105"]
[Opening "Ruy Lopez: exchange variation"]
[ECO "C68"]
[NIC "RL.08"]
[Time "18:01:44"]
[PlyCount "111"]
[TimeControl "4500+10"]

1. e4 e5 2. Nf3 Nc6 3. Bb5 a6 4. Bxc6 dxc6 5. d4 exd4 6. Qxd4 Bg4 7. Qxd8+
Rxd8 8. Nbd2 Nf6 9. Ne5 Bh5 10. O-O Bc5 11. Re1 O-O 12. Nb3 Nxe4 13. Nd3
Rxd3 14. Nxc5 Rdd8 15. Nxe4 Rfe8 16. Bg5 f6 17. Bf4 Rd4 18. f3 f5 19. Ng3
Rxe1+ 20. Rxe1 Bg6 21. Bxc7 Rd2 22. Re2 Rd1+ 23. Kf2 Ra1 24. a3 Ra2 25. c3
h5 26. h4 Kf7 27. Ke3 Ra1 28. Kf4 Rd1 29. Nxf5 Bxf5 30. Kxf5 Rd5+ 31. Be5
g6+ 32. Kg5 b5 33. b4 c5 34. bxc5 Rxc5 35. g4 hxg4 36. fxg4 Ke6 37. Kxg6
Rxe5 38. Rxe5+ Kxe5 39. h5 a5 40. h6 Kd5 41. h7 Kc4 42. h8=Q Kb3 43. Qe5
Kxa3 44. Qxb5 Ka2 45. Qxa5+ Kb2 46. c4 Kc2 47. Qa3 Kb1 48. Qe3 Kc2 49. Kf5
Kb2 50. Qd3 Kc1 51. Qe2 Kb1 52. Qd2 Ka1 53. Ke4 Kb1 54. Kd3 Ka1 55. Kc3 Kb1
56. Qb2# { Black checkmated } 1-0

[Event "ICC tourney 2074 (75 10)"]
[Site "Internet Chess Club"]
[Date "2020.10.24"]
[Round "3"]
[White "tundrarules"]
[Black "Aadarsh99"]
[Result "1/2-1/2"]
[ICCResult "Game drawn by mutual agreement"]
[WhiteElo "1016"]
[BlackElo "1140"]
[Opening "French: exchange variation"]
[ECO "C01"]
[NIC "FR.01"]
[Time "18:01:54"]
[PlyCount "71"]
[TimeControl "4500+10"]

1. e4 e6 2. d4 d5 3. exd5 exd5 4. Nf3 Nf6 5. Nc3 c5 6. Bb5+ Bd7 7. O-O Bxb5
8. Nxb5 a6 9. Nc3 Nc6 10. Re1+ Be7 11. Bg5 O-O 12. dxc5 Bxc5 13. Qd3 Nb4
14. Qd2 d4 15. Na4 b6 16. Nxc5 bxc5 17. Re5 Rc8 18. a3 Nbd5 19. c4 Nb6 20.
Rc1 Nbd7 21. Rf5 Qb6 22. Bxf6 Nxf6 23. b4 Rfd8 24. Re1 cxb4 25. c5 Rxc5 26.
Rxc5 Qxc5 27. axb4 Qc3 28. Re2 Qxd2 29. Rxd2 Rc8 30. Kf1 Rc4 31. Rxd4 Rxd4
32. Nxd4 Nd5 33. Nc6 Kf8 34. Ke2 Ke8 35. Kd3 Kd7 36. Nb8+ { Game drawn by
mutual agreement } 1/2-1/2

[Event "ICC tourney 2074 (75 10)"]
[Site "Internet Chess Club"]
[Date "2020.10.24"]
[Round "3"]
[White "DaveGriffin"]
[Black "Nathan-Shamalov"]
[Result "1-0"]
[ICCResult "Black resigns"]
[WhiteElo "814"]
[BlackElo "1021"]
[Opening "King's pawn game"]
[ECO "C50"]
[NIC "IG.03"]
[Time "18:01:35"]
[PlyCount "114"]
[TimeControl "4500+10"]

1. e4 e5 2. Nf3 Nc6 3. Bc4 h6 4. d4 d6 5. dxe5 Bg4 6. exd6 Bxf3 7. Qxf3 Ne5
8. Qb3 Bxd6 9. Qb5+ c6 10. Qxb7 Nxc4 11. Qxc6+ Kf8 12. Qxc4 Rc8 13. Qe2 Nf6
14. O-O Qc7 15. Nc3 Bxh2+ 16. Kh1 Re8 17. f4 Bg3 18. e5 g5 19. Qf3 gxf4 20.
Bxf4 Bxf4 21. Qxf4 Nh5 22. Qb4+ Qe7 23. Qxe7+ Rxe7 24. Rfe1 Rg8 25. Rad1
Nf4 26. Rd8+ Re8 27. Rxe8+ Kxe8 28. Rg1 h5 29. Ne4 Ke7 30. g3 Ne2 31. Rg2
Nd4 32. Rd2 Nf5 33. Kh2 Rh8 34. c4 h4 35. g4 Ng3 36. Nxg3 hxg3+ 37. Kxg3
Ke6 38. Kf4 Rb8 39. b3 Rb6 40. Rd6+ Rxd6 41. exd6 Kxd6 42. Kf5 Kc5 43. Kf6
Kb4 44. Kxf7 Ka3 45. c5 Kxa2 46. c6 Kxb3 47. c7 a5 48. c8=Q a4 49. Qb7+ Kc3
50. Qc6+ Kb4 51. Qxa4+ Kxa4 52. g5 Kb4 53. g6 Kc4 54. g7 Kb5 55. g8=Q Ka6
56. Qb8 Ka5 57. Ke6 Ka6 { Black resigns } 1-0

[Event "ICC tourney 2074 (75 10)"]
[Site "Internet Chess Club"]
[Date "2020.10.24"]
[Round "3"]
[White "Maximusiv"]
[Black "AF1015"]
[Result "1-0"]
[ICCResult "Black checkmated"]
[WhiteElo "1012"]
[BlackElo "880"]
[Opening "French: Wing gambit"]
[ECO "C00"]
[NIC "FR.01"]
[Time "18:01:33"]
[PlyCount "75"]
[TimeControl "4500+10"]

1. e4 e6 2. Nf3 d5 3. e5 c5 4. b4 Nc6 5. bxc5 Bxc5 6. d4 Bb6 7. c3 a6 8.
Bd3 Nge7 9. Ba3 O-O 10. Qc2 h6 11. O-O Kh8 12. Nbd2 Rg8 13. Bh7 Rf8 14. Bd3
f5 15. exf6 gxf6 16. Rfe1 f5 17. Nf1 Rg8 18. Ng3 Qf8 19. Nh4 Qf6 20. Nf3 h5
21. Nxh5 Qh6 22. Ng3 Bc7 23. Ne5 Bxe5 24. dxe5 Rg7 25. Bc1 f4 26. Bxf4 Qxf4
27. Nh5 Rxg2+ 28. Kxg2 Qg4+ 29. Ng3 Bd7 30. Qd2 Qg7 31. Qf4 Ng6 32. Bxg6
Qxg6 33. Qh4+ Kg7 34. Rg1 Qf7 35. Kh1 Qf3+ 36. Rg2 Nxe5 37. Nf5+ Kf8 38.
Qe7# { Black checkmated } 1-0

[Event "ICC tourney 2074 (75 10)"]
[Site "Internet Chess Club"]
[Date "2020.10.24"]
[Round "3"]
[White "BArkadia"]
[Black "Fredzhang"]
[Result "0-1"]
[ICCResult "White checkmated"]
[WhiteElo "1180"]
[BlackElo "1048"]
[Opening "Sicilian"]
[ECO "B56"]
[NIC "SI.25"]
[Time "18:01:36"]
[PlyCount "130"]
[TimeControl "4500+10"]

1. e4 c5 2. Nf3 d6 3. d4 cxd4 4. Nxd4 Nf6 5. Nc3 Nc6 6. Bb5 Bd7 7. f4 g6 8.
Nxc6 bxc6 9. Ba4 Bg7 10. O-O O-O 11. f5 Qb6+ 12. Kh1 Rad8 13. Qf3 d5 14. e5
Ne8 15. Bg5 f6 16. exf6 Nxf6 17. fxg6 hxg6 18. Qe2 Qxb2 19. Qd3 Bf5 20. Qd2
Ng4 21. Rab1 Qxc3 22. Qxc3 Bxc3 23. Bxe7 Ne3 24. Rxf5 Nxf5 25. Bxf8 Rxf8
26. Bxc6 Rd8 27. Rb7 a6 28. Rd7 Rxd7 29. Bxd7 Ne3 30. Be6+ Kg7 31. Bc8 Nxc2
32. Bxa6 Nb4 33. Bb7 d4 34. a4 d3 35. h4 d2 36. Bf3 Nd3 37. Kh2 Nf2 38. a5
Bxa5 39. g4 d1=Q 40. Bxd1 Nxd1 41. Kg3 Bc7+ 42. Kf3 g5 43. hxg5 Kg6 44. Ke2
Nc3+ 45. Kd3 Be5 46. Ke3 Kxg5 47. Kf3 Bf4 48. Kf2 Kxg4 49. Kg2 Nd1 50. Kf1
Kf3 51. Ke1 Nf2 52. Kf1 Be3 53. Ke1 Ne4 54. Kd1 Bd2 55. Kc2 Ke2 56. Kb3 Kd3
57. Kb2 Nc5 58. Kb1 Kc3 59. Ka2 Bf4 60. Kb1 Kb3 61. Ka1 Kc2 62. Ka2 Bc1 63.
Ka1 Na4 64. Ka2 Nc3+ 65. Ka1 Bb2# { White checkmated } 0-1

[Event "ICC tourney 2074 (75 10)"]
[Site "Internet Chess Club"]
[Date "2020.10.24"]
[Round "3"]
[White "FiveTimesNo"]
[Black "TemporaryOtter"]
[Result "1-0"]
[ICCResult "Black checkmated"]
[WhiteElo "1121"]
[BlackElo "804"]
[Opening "Queen's pawn, Mason variation"]
[ECO "D00"]
[NIC "QP.08"]
[Time "18:01:34"]
[PlyCount "89"]
[TimeControl "4500+10"]

1. d4 d5 2. Bf4 Nf6 3. e3 Bf5 4. Bd3 Bg6 5. Nf3 Nc6 6. c3 Bxd3 7. Qxd3 e6
8. Nbd2 Be7 9. O-O O-O 10. a3 Bd6 11. Ne5 Bxe5 12. Bxe5 Ng4 13. Bg3 e5 14.
dxe5 Ngxe5 15. Qe2 h6 16. Nf3 Nxf3+ 17. Qxf3 Re8 18. Rad1 Rc8 19. Rxd5 Qe7
20. Rfd1 Red8 21. h3 b6 22. b4 a6 23. R5d2 Ne5 24. Bxe5 Qxe5 25. Rxd8+ Rxd8
26. Rxd8+ Kh7 27. Rd7 Qf6 28. Qxf6 gxf6 29. Rxf7+ Kg6 30. Rxc7 f5 31. Rc6+
Kg5 32. Rxb6 h5 33. Rxa6 f4 34. exf4+ Kxf4 35. Rd6 Ke5 36. Rd8 Ke6 37. b5
Ke7 38. Rd1 Ke6 39. b6 Ke5 40. b7 Ke6 41. b8=Q Ke7 42. Qe5+ Kf7 43. Rd7+
Kg6 44. Rg7+ Kh6 45. Qg5# { Black checkmated } 1-0

[Event "ICC tourney 2074 (75 10)"]
[Site "Internet Chess Club"]
[Date "2020.10.24"]
[Round "3"]
[White "funderdifflin"]
[Black "lucachesschess"]
[Result "1/2-1/2"]
[ICCResult "Game drawn by mutual agreement"]
[WhiteElo "719"]
[BlackElo "1238"]
[Opening "King's Indian: London system"]
[ECO "A48"]
[NIC "QP.03"]
[Time "18:01:34"]
[PlyCount "85"]
[TimeControl "4500+10"]

1. d4 Nf6 2. Nf3 g6 3. Bf4 Bg7 4. e3 O-O 5. Be2 d6 6. O-O Nbd7 7. c4 Qe8 8.
Nc3 e5 9. dxe5 dxe5 10. Bg3 c6 11. Rc1 e4 12. Nd4 Ne5 13. Qc2 Bf5 14. Nxf5
gxf5 15. Rfd1 Qe7 16. Rd2 Rad8 17. Rcd1 Nfd7 18. h3 Rfe8 19. Qa4 a6 20. Qc2
Nc5 21. Bxe5 Bxe5 22. b4 Ne6 23. c5 Rxd2 24. Rxd2 Rd8 25. Bc4 Rxd2 26. Qxd2
Qd8 27. Qxd8+ Nxd8 28. Nb1 Ne6 29. a4 Nc7 30. Kf1 Nd5 31. b5 axb5 32. axb5
Nc7 33. b6 Ne6 34. Bxe6 fxe6 35. Nd2 Bc3 36. Nb3 e5 37. Ke2 Kf7 38. f3 Ke6
39. fxe4 fxe4 40. g4 Kf6 41. h4 Kg6 42. Kf2 h6 43. Kg3 { Game drawn by
mutual agreement } 1/2-1/2

[Event "ICC tourney 2074 (75 10)"]
[Site "Internet Chess Club"]
[Date "2020.10.24"]
[Round "3"]
[White "KidCharlemagne4"]
[Black "nsuralik"]
[Result "1-0"]
[ICCResult "Black checkmated"]
[WhiteElo "1252"]
[BlackElo "1006"]
[Opening "Sicilian defense"]
[ECO "B40"]
[NIC "SI.43"]
[Time "18:02:02"]
[PlyCount "115"]
[TimeControl "4500+10"]

1. e4 c5 2. Nf3 e6 3. Nc3 d6 4. d4 cxd4 5. Nxd4 Nc6 6. Nxc6 bxc6 7. Bd3 Be7
8. O-O Nf6 9. Bg5 h6 10. Bh4 Rb8 11. b3 Bb7 12. f4 Nh7 13. Bxe7 Qxe7 14. e5
d5 15. Bxh7 Rxh7 16. Qd3 Rh8 17. Na4 Qc7 18. Rae1 g6 19. Qd4 Ba6 20. Rf3
Qe7 21. Qc5 Qxc5+ 22. Nxc5 Bb7 23. Nxb7 Rxb7 24. Rc3 Kd7 25. Rc5 Rb4 26. g3
Rc8 27. Rd1 Rcb8 28. c4 Rc8 29. Ra5 Ra8 30. Ra6 Kc7 31. cxd5 exd5 32. Rc1
Rb6 33. Ra5 d4 34. Rd5 Rd8 35. Rxd8 Kxd8 36. Kf2 Kd7 37. Ke2 Rb5 38. Rc4
Rd5 39. Kd3 c5 40. Ra4 Ke6 41. Rxa7 f6 42. Ra6+ Kf7 43. Rxf6+ Ke7 44. Rxg6
Rd8 45. Rxh6 Ra8 46. Rc6 Ra5 47. Kc4 Rxa2 48. Kd3 Ra5 49. h4 Rb5 50. Kc4
Ra5 51. Rd6 Kf7 52. g4 Ke7 53. h5 Kf7 54. g5 Ke7 55. f5 Ra3 56. f6+ Kf7 57.
e6+ Kf8 58. Rd8# { Black checkmated } 1-0

[Event "ICC tourney 2074 (75 10)"]
[Site "Internet Chess Club"]
[Date "2020.10.24"]
[Round "3"]
[White "travelworld"]
[Black "unigirl314"]
[Result "0-1"]
[ICCResult "White checkmated"]
[WhiteElo "1074"]
[BlackElo "887"]
[Opening "Scotch game"]
[ECO "C45"]
[NIC "SO.04"]
[Time "18:01:35"]
[PlyCount "118"]
[TimeControl "4500+10"]

1. e4 e5 2. Nf3 Nc6 3. d4 exd4 4. Nxd4 d5 5. Nxc6 bxc6 6. Bd3 dxe4 7. Bxe4
Qxd1+ 8. Kxd1 Bb7 9. Re1 O-O-O+ 10. Bd2 Bc5 11. Bd3 Bxf2 12. Rf1 Bd4 13.
Bc3 Bxc3 14. bxc3 Nf6 15. Kc1 Kb8 16. Nd2 Rd7 17. Rb1 Ka8 18. Nc4 Rb8 19.
Na5 c5 20. Bb5 Rd6 21. Nxb7 Rxb7 22. Rd1 Rxd1+ 23. Kxd1 Ne4 24. Bc6 Nxc3+
25. Kc1 Nxb1 26. Bxb7+ Kxb7 27. Kxb1 Kc6 28. Kb2 f5 29. Kc3 g5 30. Kc4 f4
31. Kd3 g4 32. Ke4 g3 33. h4 Kb5 34. Kxf4 Kb4 35. Kg5 Kc3 36. Kh6 Kxc2 37.
Kxh7 Kd2 38. Kg7 c4 39. h5 c3 40. h6 c2 41. h7 c1=Q 42. h8=Q Qc3+ 43. Kh7
Qxh8+ 44. Kxh8 Ke2 45. Kg7 Kf2 46. Kf7 Kxg2 47. Ke7 Kf2 48. Kd7 g2 49. Kxc7
g1=Q 50. Kb7 Qa1 51. Kxa7 Qxa2+ 52. Kb7 Qe6 53. Kc7 Ke3 54. Kb7 Kd4 55. Kc7
Kc5 56. Kb7 Qc6+ 57. Kb8 Qd7 58. Ka8 Kc6 59. Kb8 Qb7# { White checkmated }
0-1

[Event "ICC tourney 2074 (75 10)"]
[Site "Internet Chess Club"]
[Date "2020.10.25"]
[Round "4"]
[White "MYMChessWyatt"]
[Black "AF1015"]
[Result "1-0"]
[ICCResult "Black checkmated"]
[WhiteElo "1233"]
[BlackElo "929"]
[Opening "French: Marshall variation"]
[ECO "C10"]
[NIC "FR.04"]
[Time "11:02:57"]
[PlyCount "65"]
[TimeControl "4500+10"]

1. e4 e6 2. d4 d5 3. Nc3 c5 4. dxc5 Bxc5 5. exd5 exd5 6. Qxd5 Qxd5 7. Nxd5
Bb6 8. c4 Nd7 9. b4 Ngf6 10. Nxf6+ Nxf6 11. c5 Bc7 12. Bb2 O-O 13. Be2 Nd5
14. a3 b6 15. O-O-O Bf4+ 16. Kb1 Nf6 17. Bf3 Bf5+ 18. Ka1 Ne4 19. Bxe4 Bxe4
20. f3 Bc2 21. Re1 Rad8 22. Nh3 Bh6 23. g4 bxc5 24. g5 Bf5 25. Nf4 Bxg5 26.
Rhg1 g6 27. Rxg5 h6 28. Rxf5 gxf5 29. Rg1+ Kh7 30. Rg7+ Kh8 31. Rxf7+ Kg8
32. Rg7+ Kh8 33. Ng6# { Black checkmated } 1-0

[Event "ICC tourney 2074 (75 10)"]
[Site "Internet Chess Club"]
[Date "2020.10.25"]
[Round "4"]
[White "Nathan-Shamalov"]
[Black "Aadarsh99"]
[Result "0-1"]
[ICCResult "White checkmated"]
[WhiteElo "1058"]
[BlackElo "1153"]
[Opening "French: exchange, Svenonius variation"]
[ECO "C01"]
[NIC "FR.01"]
[Time "11:02:35"]
[PlyCount "74"]
[TimeControl "4500+10"]

1. e4 e6 2. d4 d5 3. exd5 exd5 4. Nc3 Nf6 5. Bg5 Be7 6. Bd3 h6 7. Bh4 c5 8.
dxc5 Bxc5 9. Qe2+ Be6 10. Bf5 O-O 11. Bxe6 Re8 12. O-O-O fxe6 13. Nh3 Nbd7
14. Nf4 g5 15. Nh5 gxh4 16. Nxf6+ Nxf6 17. Rhe1 Qc7 18. Qf3 Qg7 19. Nb5
Rac8 20. Nd4 Bxd4 21. Rxd4 e5 22. Rxh4 Qg5+ 23. Rf4 Qxf4+ 24. Qxf4 exf4 25.
Rd1 Re2 26. Rd2 Rxd2 27. Kxd2 Ne4+ 28. Ke2 Rxc2+ 29. Kf3 Rxf2+ 30. Kg4 h5+
31. Kxh5 Rxg2 32. Kh4 f3 33. Kh3 Rg7 34. Kh4 f2 35. Kh3 f1=Q+ 36. Kh4 Qf4+
37. Kh3 Qg4# { White checkmated } 0-1

[Event "ICC tourney 2074 (75 10)"]
[Site "Internet Chess Club"]
[Date "2020.10.25"]
[Round "4"]
[White "TemporaryOtter"]
[Black "kushagra12"]
[Result "0-1"]
[ICCResult "White checkmated"]
[WhiteElo "795"]
[BlackElo "1060"]
[Opening "Sicilian defense"]
[ECO "B20"]
[NIC "SI.48"]
[Time "11:02:27"]
[PlyCount "112"]
[TimeControl "4500+10"]

1. e4 c5 2. Bc4 e6 3. Nc3 Ne7 4. Qe2 b6 5. Nf3 Bb7 6. d3 d5 7. exd5 exd5 8.
Bxd5 Bxd5 9. Nxd5 Qxd5 10. c4 Qe6 11. Qxe6 fxe6 12. Bf4 Nbc6 13. O-O Ng6
14. Bg3 Nb4 15. a3 Nxd3 16. Rad1 Nxb2 17. Rc1 Rd8 18. Rc2 Nd3 19. Rd1 Ndf4
20. Rxd8+ Kxd8 21. Rd2+ Ke7 22. Bxf4 Nxf4 23. g3 Ng6 24. Ng5 Kf6 25. Ne4+
Ke5 26. Re2 Kd4 27. Kf1 Be7 28. f3 Kxc4 29. Rb2 Bf6 30. Rb1 Kd3 31. Kf2
Bd4+ 32. Kg2 c4 33. Rd1+ Ke3 34. Nf2 Rd8 35. h4 Ke2 36. Rc1 Bxf2 37. Rxc4
Be3 38. Rc2+ Rd2 39. Rxd2+ Kxd2 40. f4 Bxf4 41. gxf4 Nxf4+ 42. Kg3 e5 43.
Kg4 e4 44. Kxf4 e3 45. Ke5 e2 46. Kd4 e1=Q 47. h5 Qe3+ 48. Kd5 Qf4 49. Kc6
Qf5 50. Kd6 Kd3 51. Kc6 Kc4 52. Kd6 Qf6+ 53. Kd7 Kc5 54. Kc7 Qe7+ 55. Kb8
Kc6 56. Ka8 Qb7# { White checkmated } 0-1

[Event "ICC tourney 2074 (75 10)"]
[Site "Internet Chess Club"]
[Date "2020.10.25"]
[Round "4"]
[White "lucachesschess"]
[Black "Maximusiv"]
[Result "1-0"]
[ICCResult "Black resigns"]
[WhiteElo "1251"]
[BlackElo "1002"]
[Opening "Budapest: Adler variation"]
[ECO "A52"]
[NIC "QG.01"]
[Time "11:02:35"]
[PlyCount "63"]
[TimeControl "4500+10"]

1. d4 Nf6 2. c4 e5 3. dxe5 Ng4 4. Nf3 Bc5 5. e3 Nc6 6. Nc3 Ngxe5 7. Be2 d6
8. O-O Be6 9. Nd4 Bxc4 10. Bxc4 Nxc4 11. Nxc6 bxc6 12. Qa4 Ne5 13. f4 Nd7
14. Qxc6 O-O 15. Bd2 Rb8 16. b3 Rb6 17. Qf3 Re8 18. Rae1 Nf6 19. Kh1 d5 20.
e4 d4 21. Na4 Rc6 22. e5 Nd5 23. Rc1 Qe7 24. Qxd5 Rh6 25. Nxc5 Qh4 26. h3
Qg3 27. Qf3 Qh4 28. Ne4 Qe7 29. f5 Qxe5 30. Bxh6 gxh6 31. Rce1 Qg7 32. Nf6+
{ Black resigns } 1-0

[Event "ICC tourney 2074 (75 10)"]
[Site "Internet Chess Club"]
[Date "2020.10.25"]
[Round "4"]
[White "Jmarley538"]
[Black "KidCharlemagne4"]
[Result "0-1"]
[ICCResult "White checkmated"]
[WhiteElo "1199"]
[BlackElo "1276"]
[Opening "Sicilian: Grand Prix attack"]
[ECO "B21"]
[NIC "SI.48"]
[Time "11:02:35"]
[PlyCount "138"]
[TimeControl "4500+10"]

1. e4 c5 2. f4 g6 3. Nf3 Bg7 4. Nc3 d6 5. d3 a6 6. Be2 Nc6 7. O-O Nf6 8. h3
O-O 9. Qe1 Nb4 10. Bd1 Nc6 11. g4 e5 12. f5 gxf5 13. gxf5 Nd4 14. Qg3 Kh8
15. Bg5 Rg8 16. Nd5 Nxf3+ 17. Bxf3 h6 18. Qh4 Nxd5 19. Kh2 Qxg5 20. Qxg5
hxg5 21. exd5 Bxf5 22. Be4 Bxe4 23. dxe4 f6 24. Rf5 Rgf8 25. Raf1 Rf7 26.
h4 gxh4 27. Rh5+ Kg8 28. Rxh4 Kf8 29. Rg1 Ke7 30. Rh7 Rg8 31. Kh3 Kf8 32.
c4 Rh8 33. Rh4 Rxh4+ 34. Kxh4 Bh6 35. Rg6 Bg5+ 36. Kg4 Rg7 37. Kf5 Rxg6 38.
Kxg6 Ke7 39. Kf5 b5 40. b3 bxc4 41. bxc4 a5 42. a4 Bh6 43. Kg6 Bf8 44. Kf5
Kf7 45. Kg4 Kg6 46. Kh4 Bh6 47. Kg4 Bg5 48. Kh3 f5 49. exf5+ Kxf5 50. Kg2
Ke4 51. Kf2 Kd4 52. Kf3 Kxc4 53. Ke4 Kb4 54. Kf5 Bf4 55. Ke6 e4 56. Kf5 e3
57. Kxf4 e2 58. Kf5 e1=Q 59. Kf6 Qe5+ 60. Kg6 Qxd5 61. Kf6 Qe5+ 62. Kf7 d5
63. Kg6 d4 64. Kf7 d3 65. Kf8 d2 66. Kf7 d1=Q 67. Kf8 Qf1+ 68. Kg8 Qg3+ 69.
Kh7 Qh1# { White checkmated } 0-1

[Event "ICC tourney 2074 (75 10)"]
[Site "Internet Chess Club"]
[Date "2020.10.25"]
[Round "4"]
[White "DaveGriffin"]
[Black "ayanloveschess"]
[Result "0-1"]
[ICCResult "White resigns"]
[WhiteElo "789"]
[BlackElo "892"]
[Opening "Evans gambit: Stone-Ware variation"]
[ECO "C51"]
[NIC "IG.05"]
[Time "11:02:29"]
[PlyCount "120"]
[TimeControl "4500+10"]

1. e4 e5 2. Nf3 Nc6 3. Bc4 Bc5 4. b4 Bxb4 5. c3 Bd6 6. d4 Nf6 7. Bg5 h6 8.
Bh4 exd4 9. O-O g5 10. Bg3 Bxg3 11. fxg3 Nxe4 12. Bxf7+ Kxf7 13. Nxg5+ Kg7
14. Nxe4 Rf8 15. Qg4+ Kh7 16. Nbd2 d5 17. Qh5 dxe4 18. Nxe4 Kg7 19. cxd4
Qxd4+ 20. Kh1 Qxe4 21. Rxf8 Kxf8 22. Qxh6+ Kg8 23. Qg5+ Kh7 24. Qh5+ Kg7
25. Rf1 Qg6 26. Qc5 Bd7 27. Qc3+ Kh7 28. Qc4 Be6 29. Qh4+ Kg7 30. h3 Bxa2
31. Qf4 Rc8 32. Qd2 Be6 33. Qc3+ Kg8 34. Rf6 Qg7 35. Qf3 Rf8 36. Rxf8+ Qxf8
37. Qe4 Qf1+ 38. Kh2 Qf7 39. Qh4 Qg6 40. Qf4 Qf7 41. Qg5+ Qg7 42. Qb5 Bc8
43. Qd5+ Kh8 44. Qh5+ Kg8 45. Qe8+ Qf8 46. Qg6+ Kh8 47. Qh5+ Kg7 48. Qg5+
Kf7 49. Qf4+ Ke7 50. Qxc7+ Bd7 51. Qxb7 Qb8 52. Qa6 Qb6 53. Qe2+ Kd8 54. g4
a5 55. g5 Qc5 56. g6 Qd6+ 57. Kh1 Qxg6 58. Qa6 Qb1+ 59. Kh2 Qb8+ 60. Kg1
Qa7+ { White resigns } 0-1

[Event "ICC tourney 2074 (75 10)"]
[Site "Internet Chess Club"]
[Date "2020.10.25"]
[Round "4"]
[White "unigirl314"]
[Black "oxdidi"]
[Result "1-0"]
[ICCResult "Black resigns"]
[WhiteElo "903"]
[BlackElo "1061"]
[Opening "Two knights defense"]
[ECO "C55"]
[NIC "KP.02"]
[Time "11:02:41"]
[PlyCount "106"]
[TimeControl "4500+10"]

1. e4 e5 2. Nf3 Nc6 3. d4 exd4 4. Bc4 Nf6 5. O-O Bb4 6. c3 dxc3 7. Nxc3 h6
8. Be3 Bxc3 9. bxc3 Nxe4 10. Bxf7+ Kxf7 11. Qd5+ Kf8 12. Qxe4 Qf6 13. Rfe1
d6 14. Bg5 Qf7 15. Bd2 Bf5 16. Qa4 Qg6 17. Nh4 Qf7 18. Nxf5 Qxf5 19. Rab1
Qc8 20. Rb2 a6 21. Qf4+ Kg8 22. Qc4+ Kh7 23. Qe4+ g6 24. Qf4 Qf8 25. Qxf8
Rhxf8 26. Rxb7 Rf7 27. Rbb1 Raf8 28. Rf1 Re8 29. Rbe1 Rfe7 30. Rxe7+ Rxe7
31. Re1 Rxe1+ 32. Bxe1 g5 33. f3 Ne5 34. Kf2 Nd3+ 35. Ke2 Nf4+ 36. Kf2 Nd3+
37. Kf1 Nxe1 38. Kxe1 Kg6 39. Ke2 Kf5 40. g4+ Kf4 41. c4 c6 42. a3 a5 43.
a4 d5 44. c5 d4 45. Kd3 Kxf3 46. Kxd4 Kxg4 47. Ke5 Kh3 48. Kd6 Kg4 49. Kxc6
h5 50. Kb7 h4 51. c6 Kh3 52. c7 Kxh2 53. c8=Q h3 { Black resigns } 1-0

[Event "ICC tourney 2074 (75 10)"]
[Site "Internet Chess Club"]
[Date "2020.10.25"]
[Round "4"]
[White "RatislavK"]
[Black "tundrarules"]
[Result "0-1"]
[ICCResult "White resigns"]
[WhiteElo "1152"]
[BlackElo "1029"]
[Opening "Queen's pawn game"]
[ECO "D02"]
[NIC "QP.08"]
[Time "11:02:33"]
[PlyCount "58"]
[TimeControl "4500+10"]

1. d4 d5 2. Nf3 Bf5 3. g3 Nf6 4. Bg2 e6 5. O-O c5 6. c4 Nc6 7. cxd5 exd5 8.
dxc5 Bxc5 9. Bg5 O-O 10. Bxf6 Qxf6 11. Qxd5 Bb6 12. Nc3 Rfe8 13. Rfe1 Nb4
14. Qb5 Nc2 15. Nd5 Qe6 16. Ng5 Qg6 17. Nxb6 axb6 18. Nf3 Nxa1 19. Rxa1
Rad8 20. a3 Bd7 21. Qc4 b5 22. Qc3 Rxe2 23. Rd1 Qb6 24. Nd4 Ree8 25. Qf3
Bc6 26. Nxc6 Rxd1+ 27. Qxd1 bxc6 28. Qd7 Rd8 29. Qxc6 Rd1+ { White resigns
} 0-1

[Event "ICC tourney 2074 (75 10)"]
[Site "Internet Chess Club"]
[Date "2020.10.25"]
[Round "4"]
[White "Fredzhang"]
[Black "FiveTimesNo"]
[Result "1-0"]
[ICCResult "Black resigns"]
[WhiteElo "1033"]
[BlackElo "1092"]
[Opening "King's Indian: Zinnowitz variation"]
[ECO "E90"]
[NIC "KI.21"]
[Time "11:02:30"]
[PlyCount "123"]
[TimeControl "4500+10"]

1. d4 Nf6 2. c4 g6 3. Nc3 Bg7 4. e4 d6 5. Nf3 O-O 6. Bg5 h6 7. Be3 Nbd7 8.
Bd3 e5 9. d5 Nc5 10. Bxc5 dxc5 11. Qe2 a6 12. O-O Ne8 13. Nd1 Nd6 14. h3 f5
15. Nc3 f4 16. b3 g5 17. Nh2 Kh8 18. a4 Rg8 19. a5 Qf6 20. Na4 Bf8 21. Qh5
Nf7 22. Rfe1 Qg6 23. Be2 Qxh5 24. Bxh5 Rg7 25. Bxf7 Rxf7 26. Ng4 Bxg4 27.
hxg4 Rh7 28. g3 Be7 29. f3 h5 30. gxh5 fxg3 31. Kg2 g4 32. fxg4 Rg8 33. Rh1
Rxg4 34. Nc3 Rf7 35. Raf1 Rff4 36. Rxf4 exf4 37. e5 Kh7 38. Ne2 Bg5 39. Kf3
Rh4 40. Rxh4 Bxh4 41. Nxf4 Be7 42. Kxg3 Kh6 43. Kg4 Kh7 44. Ng6 Bd8 45. e6
Kg7 46. e7 Bxe7 47. Nxe7 Kf6 48. h6 c6 49. dxc6 bxc6 50. Nxc6 Kg6 51. Nb8
Kxh6 52. Nxa6 Kg6 53. Nxc5 Kf6 54. a6 Ke7 55. a7 Kd6 56. a8=Q Kc7 57. Nd3
Kb6 58. b4 Kc7 59. Qd5 Kb6 60. Nc5 Kc7 61. Qe6 Kb8 62. Qd7 { Black resigns
} 1-0